 Dungeon Crawl Stone Soup version 0.17.2-1-ge4368a0 (webtiles) character file.

30 Goblin1989 the Ducker (level 3, -1/18 HPs)
             Began as a Spriggan Gladiator on Aug 19, 2016.
             Was an Initiate of Okawaru.
             Slain by a goblin
             ... wielding a +2 dagger of protection
              (2 damage)
             ... on level 3 of the Dungeon.
             The game lasted 00:05:55 (529 turns).

Goblin1989 the Ducker (Spriggan Gladiator)           Turns: 529, Time: 00:05:55

Health: -1/18      AC:  2    Str: 11    XL:     3   Next: 5%
Magic:  4/4        EV: 20    Int:  9    God:    Okawaru [......]
Gold:   52         SH:  0    Dex: 17    Spells: 0 memorised, 2 levels left

rFire  . . .     SeeInvis +     a - +0 rapier
rCold  . . .     Clarity  .     b - +0 robe
rNeg   . . .     SustAt   .     (shield restricted)
rPois  .         Gourm    .     c - +0 hat
rElec  .         Spirit   .     (no cloak)
rCorr  .         Warding  .     (gloves unavailable)
rMut   .         Stasis   .     (boots unavailable)
MR     .....                    (no amulet)
Stlth  ++........               (no ring)
                                (no ring)

@: very quick, not resistant to hostile enchantments, unstealthy
A: unfitting armour, see invisible, herbivore 3, speed 3, slow metabolism 2
a: Renounce Religion


You were on level 3 of the Dungeon.
You worshipped Okawaru.
Okawaru was noncommittal.
You were not hungry.

You visited 1 branch of the dungeon, and saw 3 of its levels.

You collected 52 gold pieces.

Inventory:

Hand Weapons
 a - a +0 rapier (weapon)
 i - a +1 dagger of speed
Missiles
 d - 2 throwing nets
 f - 79 stones (quivered)
Armour
 b - a +0 robe (worn)
 c - a +0 hat (worn)
Scrolls
 g - a scroll of noise {unknown}
 j - 2 scrolls of identify {unknown}
 k - a scroll of magic mapping {unknown}
 o - 3 scrolls of remove curse {unknown}
Potions
 h - a potion of invisibility {unknown}
 l - a potion of degeneration {unknown}
 m - a potion of heal wounds {unknown}
 n - a potion of cure mutation {unknown}
 p - a potion of curing {unknown}
Comestibles
 e - a bread ration


   Skills:
 + Level 1.8 Fighting
 * Level 4.0 Short Blades
 - Level 2.0 Throwing
 + Level 4.4 Dodging
 * Level 2.2 Stealth


You had 2 spell levels left.
You didn't know any spells.

Dungeon Overview and Level Annotations

Branches:
Dungeon (3/15)

Altars:
Ashenzari
Okawaru

Annotations:
D:2 Ijyb, Terence


Innate Abilities, Weirdness & Mutations

You are tiny and cannot use many weapons and most armour.
You have supernaturally acute eyesight.
You are a herbivore.
You cover ground extremely quickly.
You need consume almost no food.


Message History

The hobgoblin shouts!
A goblin comes into view. It is wielding a dagger of protection.
The goblin shouts!
The goblin hits you with a dagger of protection.
* * * LOW HITPOINT WARNING * * *
You take 4 damage, and have 4/18 hp.
MASSIVE DAMAGE!!
You hit the goblin but do no damage. The goblin closely misses you.
You hit the goblin but do no damage.
The goblin hits you with a dagger of protection.
* * * LOW HITPOINT WARNING * * *
You take 3 damage, and have 1/18 hp.
Unknown command.
Fire/throw which item? (* to show all) (? for menu, Esc to quit)
Press: ? - help, Shift-Dir - straight line, f - goblin
Aim: a goblin, wielding a dagger of protection You throw a throwing net.
The throwing net closely misses the goblin.
The goblin hits you with a dagger of protection.
You die...

###
#(################
..#.........†.....
#.#.##############
#g#.# #@#.# #.#.#
#.#.#
######.#.###.#.##
...............o..
#############..o##
.#


You could see a goblin.

Vanquished Creatures
  An ooze (D:2)
  A worm (D:3)
  A giant gecko (D:2)
  3 goblins (D:1)
  5 hobgoblins (D:1)
  A quokka (D:2)
  4 bats
  A giant newt (D:1)
  2 jackals (D:1)
  5 rats
24 creatures vanquished.

Notes
Turn   | Place    | Note
--------------------------------------------------------------
     0 | D:1      | Goblin1989 the Spriggan Gladiator began the quest for the Orb.
     0 | D:1      | Reached XP level 1. HP: 10/10 MP: 2/2
    53 | D:1      | Found an iron altar of Okawaru.
    71 | D:1      | Became a worshipper of Warmaster Okawaru
    77 | D:1      | Reached skill level 1 in Stealth
    92 | D:1      | Reached XP level 2. HP: 8/14 MP: 3/3
   399 | D:2      | Noticed Ijyb
   399 | D:2      | Noticed Terence
   430 | D:3      | Found a shattered altar of Ashenzari.
   501 | D:3      | Reached XP level 3. HP: 7/18 MP: 4/4
   529 | D:3      | Slain by a goblin

Action                   || total
-------------------------++-------
Melee: Rapier            ||    70
       Dagger            ||     2
Throw: Stone             ||     3
       Throwing net      ||     2
 Stab: Sleeping          ||     5
       Held in net/web   ||     2
